[Event "Denmark Team Championship 2022"]
[Site "Denmark"]
[Date "2022.03.13"]
[Round "4.1"]
[White "Rasmussen, Allan Stig"]
[Black "Hillarp Persson, Tiger"]
[Result "0-1"]
[ECO "A10"]
[WhiteElo "2528"]
[BlackElo "2519"]
[Annotator "TA"]
[PlyCount "60"]
[EventDate "2022.10.29"]
[EventType "team-tourn"]
[EventCountry "DEN"]
[SourceTitle "playchess.com"]
[Source "ChessBase"]
[SourceQuality "1"]
[TimeControl "40/5400+30:1800+30"]

1. c4 b6 2. Nc3 Bb7 3. Nf3 Nf6 4. g3 c5 5. Bg2 g6 6. O-O Bg7 7. d4 cxd4 8. Qxd4 O-O 9. Qh4 d6 10. Rd1 Nbd7 11. Be3 Rc8 12. Rac1 Re8 {[%emt 0:00:43] A30: Symmetrical English: Double Fianchetto and Hedgehog.} 13. b3 a6 14. Bh3 h5 {[%emt 0:12:09] The position is equal.} 15. Ng5 Rc7 16. f3 (16. Nd5 {simplifies} Nxd5 17. cxd5 Rxc1 18. Bxc1 Nf8 19. Be3) 16... Qb8 17. Qf4 {[%emt 0:04:07] [#]} Ba8 $5 $146 {[%emt 0:10:31][%mdl 8] New and interesting.} ({Predecessor:} 17... Rf8 18. Bf2 Bh6 19. Bxd7 Nxd7 20. Nd5 Bxd5 21. cxd5 Nf6 22. h4 b5 23. Qd2 Rfc8 {½-½ (37) Zawadski,A (2180)-Macchiagodena,M (2217) ICCF email 2016}) 18. Bf2 b5 (18... Ne5 {simplifies} 19. Nd5 Bxd5 20. cxd5 Rxc1 21. Qxc1 Qb7) 19. Nd5 e5 20. Qd2 Bxd5 21. cxd5 e4 22. Rc6 {[%emt 0:13:17] Threatens to win with Rdc1.} exf3 23. exf3 {[%emt 0:03:24] Hoping for Rdc1.} (23. Rxa6 $2 fxe2 24. Re1 Bh6 $19) (23. Rdc1 $5 Nc5 24. exf3 $14) 23... Ne5 $1 24. Rxd6 (24. Rxc7 $11 {and White has nothing to worry.} Qxc7 25. Bg2) 24... Nh7 $19 {[%emt 0:00:48] And now ...Nxg5 would win.} 25. Bg2 (25. Rxa6 $2 {loses.} Nxg5 26. Kh1 Nxh3 $19) (25. Rb6 {keeps fighting.} Qd8 26. d6 (26. f4 $2 Nxg5 27. Kf1 Nef3 $19) 26... Nxg5 27. dxc7 Qxc7 28. Kg2 Nexf3 29. Qd7) 25... Nxg5 26. Qxg5 {[%emt 0:00:03] [#]} Rc2 $1 {[%emt 0:00:09][%csl LRa2,LRd6][%mdl 64] Discovered Attack} 27. Rb6 Qc8 {[%emt 0:00:19][%cal Oc2f2] White must now prevent ...Rxf2!} 28. Bd4 {[%emt 0:02:06] [#]} (28. Rf1 $19) 28... Nxf3+ $1 {[%emt 0:01:48][%mdl 576] Discovered Attack. Black mates.} 29. Bxf3 Bxd4+ (29... Rxa2 $2 {[#]} 30. Rxg6 $1 (30. Bxg7 {gets mated.} Qc5+ 31. Kh1 Qf2) 30... fxg6 31. Qxg6 $18) 30. Kh1 Bxb6 {[%emt 0:00:05] Weighted Error Value: White=0.75/Black=0.02 (flawless)} 0-1

[Event "Denmark Team Championship 2022"]
[Site "Denmark"]
[Date "2022.03.13"]
[Round "4.2"]
[White "Pilgaard, Kim"]
[Black "Heimisson, Hilmir Freyr"]
[Result "1/2-1/2"]
[ECO "D10"]
[WhiteElo "2379"]
[BlackElo "2322"]
[Annotator "TA"]
[PlyCount "30"]
[EventDate "2022.10.29"]
[EventType "team-tourn"]
[EventCountry "DEN"]
[SourceTitle "playchess.com"]
[Source "ChessBase"]
[SourceQuality "1"]
[TimeControl "40/5400+30:1800+30"]

1. d4 d5 2. c4 c6 3. cxd5 cxd5 4. Nc3 Nc6 5. Bf4 e5 6. dxe5 d4 {[%emt 0:00:59] [#] Threatens to win with ...Qa5.} 7. Ne4 {[%emt 0:01:26] D10: Slav Defence: 3 cxd5 (without early Nf3) and 3 Nc3.} Qa5+ (7... Bf5 $5 8. Nd6+ Bxd6 9. exd6 Nf6 $11) 8. Nd2 $1 ({Not} 8. Qd2 $2 Bb4 9. Nf3 (9. Nd6+ $2 Kf8 $19) 9... Nge7 $19) 8... Nge7 9. a3 {[%emt 0:07:49] [#] The position is equal.} Be6 $146 (9... Ng6 $5 10. e3 (10. b4 Qd8 $11) 10... Be7 $11) ({Predecessor:} 9... Ng6 10. b4 Qd5 11. e4 dxe3 12. Bxe3 Ngxe5 13. Nb3 Nxb4 14. axb4 Bxb4+ 15. Nd2 O-O {0-1 (25) Krenz,V (2275)-Langheinrich,F (2375) Germany 2007}) 10. b4 Qd5 11. Ngf3 h6 (11... Rd8 $11 {keeps the balance.}) 12. e4 $16 dxe3 13. Bxe3 ({White should play} 13. fxe3 $16 g5 14. Bc4) 13... Nxe5 $14 {[%emt 0:00:31] White is slightly better.} 14. Nxe5 Qxe5 15. Nf3 Qd5 {[%emt 0:02:42] Weighted Error Value: White=0.07 (flawless) /Black=0.19 (very precise)} 1/2-1/2

[Event "Denmark Team Championship 2022"]
[Site "Denmark"]
[Date "2022.02.26"]
[Round "4.2"]
[White "Light, Bjarne"]
[Black "Andersen, Mads"]
[Result "0-1"]
[ECO "A15"]
[WhiteElo "2190"]
[BlackElo "2615"]
[Annotator "TA"]
[PlyCount "102"]
[EventDate "2022.10.29"]
[EventType "team-tourn"]
[EventCountry "DEN"]
[SourceTitle "playchess.com"]
[Source "ChessBase"]
[SourceQuality "1"]
[TimeControl "40/5400+30:1800+30"]

1. c4 Nf6 2. g3 g6 3. Bg2 Bg7 4. Nc3 O-O 5. d3 c5 6. e4 Nc6 7. Nge2 d6 8. O-O Rb8 9. a3 a6 10. Rb1 b5 11. cxb5 axb5 12. b4 cxb4 13. axb4 e5 14. h3 {[%emt 0:05:03] A36: Symmetrical English vs ...g6: 4 Bg2 Bg7.} Be6 15. f4 exf4 16. gxf4 {[%emt 0:02:00] The position is equal.} (16. Bxf4 {is interesting.} Nh5 17. Bd2 Qb6+ 18. Kh1) 16... Ne7 17. Be3 Qd7 18. Kh2 Nh5 {[%emt 0:00:30] [#]} 19. Nd4 $146 ({Predecessor:} 19. Bd4 f5 20. Bxg7 Nxg7 21. Nd4 fxe4 22. dxe4 Bc4 23. Rf3 d5 24. e5 Nef5 25. Nxf5 Rxf5 {0-1 (38) Tanriverdi,E (2401)-Ganerdene,S (2407) Corum 2019}) 19... d5 {[%emt 0:10:50] Inhibits f5.} 20. Nxe6 fxe6 21. Ne2 Bh6 22. Qb3 Rf7 23. Rf2 Rbf8 24. Rbf1 {[%emt 0:00:46] [#]} (24. Qc3 {with more complications.} Bg7 25. Qc5 Rc8 26. Qa7) 24... Nxf4 $1 25. Nxf4 (25. Rxf4 Qc7) 25... Bxf4+ 26. Bxf4 {[%emt 0:09:22] [#]} Rxf4 $1 27. Rxf4 Rf7 28. R1f3 $2 (28. Rxf7 $18 {White wants to mate with Rf8+.} Qe8 29. exd5 Qb8+ 30. Kg1 Nf5 31. dxe6 Qb6+ 32. Rf2 Nd4 33. Qa2) 28... Rxf4 $15 29. Rxf4 Qc7 30. Kh1 Qxf4 {[%emt 0:00:12][%mdl 4096] Endgame KQB-KQN} 31. Qa2 Qc1+ 32. Kh2 Qc3 {[%emt 0:00:24] Black is more active.} ({Better is} 32... Qc7+ $17 33. Kh1 Kf7 34. Qf2+ Ke8) 33. Qa7 Kf7 (33... Qxb4 34. Qb8+ Kf7 35. Qf4+ Kg7 36. Qe5+ Kh6 37. Qf4+ g5 38. Qf8+ Kg6 39. d4 $11) 34. Qf2+ (34. Qb8 $15) 34... Ke8 35. Qb6 Qe5+ ({But not} 35... Qxb4 36. Qb8+ (36. Qxe6 dxe4 37. dxe4 Qc5 $17) 36... Kd7 37. Qb7+ Ke8 38. Qb8+ Kf7 39. Qf4+ Kg8 40. Qb8+ Kg7 41. Qe5+ Kf7 42. Qf4+ Kg8 43. Qb8+ Kg7 44. Qe5+ Kf7 45. Qf4+ $15) 36. Kh1 Qa1+ (36... dxe4 $17 37. dxe4 g5) 37. Kh2 $11 Qe5+ (37... Kf7 $11) 38. Kh1 $1 $15 d4 (38... dxe4 $15 39. dxe4 g5) 39. Bf3 $2 (39. h4 $1 $11 {and White is okay.}) 39... h5 40. Kg2 Kf7 (40... Qg5+ $17 41. Kh2 Qf4+ 42. Kg2 Qg5+ 43. Kh1 Qc1+ 44. Kh2 Qf4+ 45. Kg2 Qd2+ 46. Kg1 Qxd3 47. Qb8+ Kd7 48. Qb7+ Ke8 49. Qb8+ Kf7 50. Qf4+ Kg7 51. Qe5+ Kf8 52. Qb8+ Kf7 53. Qf4+ Kg8) 41. Be2 $2 ({White has to play} 41. h4 $1 $15) 41... Qg5+ $19 42. Kf1 Qc1+ 43. Kf2 Qe3+ 44. Ke1 Qxh3 45. Qxd4 Qg3+ 46. Kd2 h4 47. Qh8 (47. Qe3 {was the only defense.}) 47... h3 48. e5 (48. Qh7+ $142 Kf8 49. Qh8+ Ng8 50. Qd4) 48... Qf4+ 49. Kc2 h2 {[%emt 0:00:00] White must now prevent ...Qf2.} 50. d4 Qe4+ ({And not} 50... Qxd4 51. Qh7+ Kf8 52. Qh8+ Kf7 53. Qh7+ Kf8 54. Qh8+ Ng8 55. Qxh2 $17) 51. Bd3 Qc6+ {[%emt 0:00:00] Never resign too early!   Weighted Error Value: White=0.83/Black=0.14 (very precise)} (51... h1=R $2 52. Qf6+ Ke8 53. Bxe4 $18) 0-1

[Event "Denmark Team Championship 2022"]
[Site "Denmark"]
[Date "2022.02.26"]
[Round "4.3"]
[White "Olsen, Filip Boe"]
[Black "Schwarz, Frank"]
[Result "1-0"]
[ECO "D35"]
[WhiteElo "2419"]
[BlackElo "2205"]
[Annotator "TA"]
[PlyCount "73"]
[EventDate "2022.10.29"]
[EventType "team-tourn"]
[EventCountry "DEN"]
[SourceTitle "playchess.com"]
[Source "ChessBase"]
[SourceQuality "1"]
[TimeControl "40/5400+30:1800+30"]

1. d4 Nf6 2. c4 e6 3. Nc3 d5 4. cxd5 exd5 5. Bg5 Be7 6. e3 c6 7. Qc2 Nbd7 8. Bd3 Nf8 9. Nge2 Ne6 10. Bh4 g6 11. O-O O-O 12. Rab1 Ng7 {[%emt 0:05:52] D36: Queen's Gambit Declined: Exchange Variation: Main line (5 Bg5 c6 6 Qc2).} 13. b4 a6 14. a4 Bf5 {[%emt 0:05:05] The position is equal.} 15. b5 axb5 16. axb5 Bxd3 17. Qxd3 Nf5 18. Bxf6 Bxf6 {[%emt 0:00:13] [#]} 19. Rfc1 $146 ({Predecessor:} 19. bxc6 bxc6 20. Ra1 Ra5 21. Qc2 Nd6 22. Rxa5 Qxa5 23. Qa2 Ra8 24. Ra1 Qxa2 25. Rxa2 Rxa2 {½-½ (25) Neuman,P (2428)-Leniart,A (2480) Slovakia 2016}) 19... Ra3 20. Qd1 Qa5 21. Ra1 Ra8 22. Rxa3 Qxa3 23. Nb1 Qd6 (23... Qb2 {seems wilder.} 24. bxc6 bxc6 25. Rxc6 Ra1) 24. Qb3 Rc8 25. Nbc3 Ne7 26. Na4 Kg7 {[%emt 0:02:43] [#]} (26... Nf5 $11) 27. h3 (27. Nc5 $1 $16) 27... Ra8 28. Nc5 Qc7 29. Nf4 {[%emt 0:03:27][%cal Be2f4,Bf4d3,Bd3b4][%mdl 32] White is more active.} Kg8 30. Nfd3 {[%emt 0:02:01] Strongly threatening b6.} Nf5 31. Nb4 Ra5 (31... Bg5 $14) 32. bxc6 bxc6 33. Ncd3 {[%emt 0:01:17][%cal Ob4d5] aiming for Nxd5! Pair of Knights!} Bg5 {[%emt 0:05:59] This move loses the game for Black.} (33... Rb5 $16 {might work better.}) 34. Nxc6 $18 Nxe3 $2 {[%emt 0:01:28] [#]} (34... Ra6) 35. Nxa5 {[%emt 0:01:07] White is clearly winning.} ({Weaker is} 35. fxe3 Bxe3+ 36. Kf1 Bxc1 37. Nxa5 Bd2 $18) 35... Qxa5 36. Qb8+ Kg7 37. Qe5+ {[%emt 0:00:54] Weighted Error Value: White=0.11 (very precise) /Black=0.51} 1-0

[Event "Denmark Team Championship 2022"]
[Site "Denmark"]
[Date "2022.03.13"]
[Round "4.3"]
[White "Gourlay, Martin B"]
[Black "Bromann, Thorbjorn"]
[Result "1/2-1/2"]
[ECO "C10"]
[WhiteElo "1911"]
[BlackElo "2374"]
[Annotator "TA"]
[PlyCount "56"]
[EventDate "2022.10.29"]
[EventType "team-tourn"]
[EventCountry "DEN"]
[SourceTitle "playchess.com"]
[Source "ChessBase"]
[SourceQuality "1"]
[TimeControl "40/5400+30:1800+30"]

1. e4 e6 2. d4 d5 3. Nc3 dxe4 4. Nxe4 Nd7 5. Nf3 Ngf6 6. Bg5 Be7 7. Nxf6+ Bxf6 8. h4 h6 9. Bxf6 Qxf6 10. Qd2 c5 11. O-O-O {[%emt 0:02:42] C13: French: Classical System: 4 Bg5 Be7, Alekhine-Chatard Attack.} cxd4 12. Qxd4 {[%emt 0:03:05] Strongly threatening Qa4.} Qxd4 13. Nxd4 {[%emt 0:07:11] [#] White is slightly better.} Nc5 $146 ({Predecessor:} 13... a6 14. Rh3 O-O 15. Rc3 Nf6 16. g3 Ne4 17. Rf3 b5 18. Bd3 Bb7 19. Bxe4 Bxe4 {1-0 (59) Hovhannisyan,R (2642)-Bromann,T (2392) Chess.com INT 2020}) 14. Bb5+ Bd7 15. Bxd7+ Nxd7 16. Nb5 {[%emt 0:06:19] [#] aiming for Nc7+.} Ke7 {[%emt 0:07:55] The position is equal.} 17. Rhe1 Rhd8 18. Re3 a6 19. Nd6 Nc5 20. Rc3 Rxd6 21. Rxc5 {[%emt 0:00:05] [#] Threatens to win with Rc7+.} Rxd1+ 22. Kxd1 $11 {[%emt 0:00:05][%mdl 4096] Endgame KR-KR} Kd6 {[%emt 0:00:06] Against Rc7} 23. Rc3 g5 24. hxg5 hxg5 25. Rd3+ Kc6 26. Rc3+ Kd6 27. Rd3+ Kc6 28. Rc3+ Kd6 {[%emt 0:00:04] Weighted Error Value: White=0.06 (flawless) /Black=0.05 (flawless)} 1/2-1/2

[Event "Denmark Team Championship 2022"]
[Site "Denmark"]
[Date "2022.03.13"]
[Round "4.4"]
[White "Hoi, Carsten"]
[Black "Jensen, Bjarke"]
[Result "1-0"]
[ECO "D20"]
[WhiteElo "2344"]
[BlackElo "2333"]
[Annotator "TA"]
[PlyCount "23"]
[EventDate "2022.10.29"]
[EventType "team-tourn"]
[EventCountry "DEN"]
[SourceTitle "playchess.com"]
[Source "ChessBase"]
[SourceQuality "1"]
[TimeControl "40/5400+30:1800+30"]

1. d4 d5 2. c4 dxc4 3. e3 e5 4. Bxc4 Nf6 5. Qb3 Qd7 6. Nf3 {[%emt 0:09:05][%cal Bg1f3,Bf3e5,Be5c6][%mdl 32] D20: Queen's Gambit Accepted: 3 e3 and 3 e4.} Nc6 {[%emt 0:01:15] [#]} 7. Bb5 $146 {[%emt 0:11:21] White is more active.} (7. Nxe5 $16 Nxe5 8. dxe5) ({Predecessor:} 7. Nxe5 Nxe5 8. dxe5 Be7 9. Bxf7+ Kd8 10. exf6 Bxf6 11. O-O Rf8 12. Rd1 Rxf7 13. Rxd7+ Rxd7 14. Bd2 Rd6 15. Bc3 Bd7 16. Bxf6+ Rxf6 17. Qg8+ Ke7 18. Qxa8 {1-0 (18) Tobin,R-Dufour,R (1640) IECG email 1996}) 7... Bb4+ $2 {[%emt 0:12:21] Loses the game.} (7... exd4 $14 8. Ne5 Qd6 9. exd4 (9. Qxf7+ Kd8 $11) (9. Bxc6+ bxc6 10. exd4 Be6 $11) 9... Be6) 8. Bd2 $18 {[%emt 0:09:31] White is clearly better.} Bxd2+ 9. Nbxd2 exd4 {[%emt 0:03:44] [#]} 10. Ne5 $1 ({Weaker is} 10. Nxd4 O-O $16) 10... Qe6 11. Nxc6 ({Not} 11. exd4 O-O $14) 11... Qxb3 12. axb3 {[%emt 0:01:43] Weighted Error Value: White=0.20 (precise) /Black=0.48} 1-0

[Event "Denmark Team Championship 2022"]
[Site "Denmark"]
[Date "2022.02.26"]
[Round "4.4"]
[White "Bank Friis, Carsten"]
[Black "Andersen, Jackie"]
[Result "0-1"]
[ECO "A06"]
[WhiteElo "2178"]
[BlackElo "2390"]
[Annotator "TA"]
[PlyCount "78"]
[EventDate "2022.10.29"]
[EventType "team-tourn"]
[EventCountry "DEN"]
[SourceTitle "playchess.com"]
[Source "ChessBase"]
[SourceQuality "1"]
[TimeControl "40/5400+30:1800+30"]

1. Nf3 d5 2. e3 Nf6 3. c4 e6 4. b3 a6 5. Bb2 Be7 6. d4 {[%emt 0:11:36] A13: English Opening: 1...e6.} O-O 7. Bd3 dxc4 8. bxc4 {[%emt 0:03:29] The position is equal.} c5 9. O-O Nc6 10. Nc3 cxd4 11. exd4 {[%emt 0:00:17] [#]} Kh8 $146 ({Predecessor:} 11... Re8 12. Rc1 Bd6 13. Ne4 Nxe4 14. Bxe4 Bd7 15. d5 exd5 16. Qxd5 Be6 17. Qh5 {½-½ (17) Khenkin,I (2592)-Antoniewski,R (2534) Czech Republic 2016}) 12. Qb3 Bd7 (12... Nxd4 13. Nxd4 Qxd4 14. Nd5 $1 $16 ) 13. a4 (13. Qxb7 $2 Na5 $19) 13... Rc8 (13... Na5 $5 14. Qc2 Rc8 $11) 14. Rfd1 (14. Qxb7 $2 Rb8 $19) 14... Qc7 15. c5 Rb8 16. Be2 b6 17. Bxa6 bxc5 18. Bb5 cxd4 (18... Nxd4 {with more complications.} 19. Nxd4 cxd4 20. Rxd4 Bc5) 19. Nxd4 Bc5 20. Nf3 Qa7 21. Qc2 Nb4 22. Qe2 {[%emt 0:00:32] aiming for Bxd7.} Nbd5 23. Nxd5 (23. Ng5 {seems wilder.} Bxb5 24. axb5 Nf4 25. Qf3) 23... Nxd5 24. Ne5 {[%emt 0:01:38] Prevents f6.} ({White should play} 24. Qc2 $16 {Strongly threatening Ng5.} Be7 25. Bd4) 24... Bxb5 $11 25. axb5 Qb7 26. Rab1 f6 (26... Qxb5 $2 {[#]} 27. Nxf7+ $1 Kg8 28. Nh6+ $1 (28. Qxe6 Rxf7 29. Rxd5 Bxf2+ 30. Kh1 Qe8 $11) 28... gxh6 29. Qxe6+ Rf7 30. Qg4+ (30. Qxd5 $2 Bxf2+ 31. Kh1 Qxd5 $19) 30... Kf8 31. Rxd5 $18) (26... Nf4 27. Qg4 Qe4 28. Re1 Bxf2+ 29. Kxf2 $16) 27. Nd3 Qxb5 28. Qxe6 Ba7 29. Qf5 Qb3 30. Ne1 $2 (30. g3 $11 {and White stays safe.}) 30... Ne7 $2 (30... Ne3 $19 31. Bd4 Nxf5 32. Rxb3 Nxd4) 31. Qe4 Ng6 (31... Qb7 {simplifies} 32. Qe2 Nd5 33. Bd4 Qd7) 32. Bxf6 $2 {[%emt 0:01:20] This move loses the game for White.} Qa2 $40 {[%emt 0:00:16][%mdl 128] Black is out for blood.} 33. Bxg7+ Kxg7 {[%emt 0:00:01] The board is on fire.} 34. Nf3 Qxf2+ (34... Bxf2+ $2 {is the wrong capture.} 35. Kh1) 35. Kh1 Rxb1 36. Rxb1 Rf7 37. h4 $2 (37. Ra1) 37... Rf4 38. Qe6 Rxf3 ({Resist} 38... Nxh4 39. Rb7+ Kh8 40. Qe8+) 39. gxf3 Qxh4+ {[%emt 0:00:06] Weighted Error Value: White=0.70/Black=0.16 (very precise)} 0-1

[Event "Denmark Team Championship 2022"]
[Site "Denmark"]
[Date "2022.02.26"]
[Round "4.5"]
[White "Pedersen, Nicolai Vesterbaek"]
[Black "Pedersen, Daniel Vesterbaek"]
[Result "1/2-1/2"]
[ECO "A29"]
[WhiteElo "2362"]
[BlackElo "2223"]
[Annotator "TA"]
[PlyCount "63"]
[EventDate "2022.10.29"]
[EventType "team-tourn"]
[EventCountry "DEN"]
[SourceTitle "playchess.com"]
[Source "ChessBase"]
[SourceQuality "1"]
[TimeControl "40/5400+30:1800+30"]

1. c4 e5 2. Nc3 Nf6 3. Nf3 Nc6 4. g3 d5 5. cxd5 Nxd5 6. Bg2 Nb6 7. O-O Be7 8. d3 O-O 9. a3 Be6 10. Be3 Nd5 11. Nxd5 Bxd5 12. Rc1 $1 {[%emt 0:00:15] 12.Rc1 is better than 12.Qa4.} f6 13. Bc5 {[%emt 0:14:25] A29: English Opening: Four Knights Variation with 4 g3.} Kh8 14. b4 a6 15. Qc2 {[%emt 0:08:12] [#]} Bxc5 $146 ({Predecessor:} 15... Rf7 16. e3 Qd7 17. d4 exd4 18. Bxd4 Nxd4 19. Nxd4 Bxg2 20. Kxg2 Bf8 21. Rfd1 Re8 {½-½ (40) Hundack,R (2209)-Salov,S (2302) Germany 2002}) 16. Qxc5 Bxf3 17. Bxf3 Nd4 18. Qxc7 Nxf3+ 19. exf3 Qxd3 20. Rc3 Qd5 21. Rfc1 h6 22. Kg2 Rf7 23. Qb6 e4 24. Qe3 exf3+ 25. Qxf3 Qxf3+ 26. Kxf3 $11 {[%emt 0:00:15][%mdl 4096] Endgame KRR-KRR} Re7 27. Rc7 Rae8 28. h4 h5 29. a4 (29. R1c5 $16) 29... Kh7 $1 {[%emt 0:02:32] The position is equal.} 30. b5 axb5 31. axb5 Re5 32. Rxb7 {[%emt 0:03:31] Weighted Error Value: White=0.10 (very precise) /Black=0.05 (flawless)} 1/2-1/2

[Event "Denmark Team Championship 2022"]
[Site "Denmark"]
[Date "2022.03.13"]
[Round "4.5"]
[White "Christensen, Stefan"]
[Black "Carstensen, Jacob"]
[Result "1-0"]
[ECO "D05"]
[WhiteElo "2293"]
[BlackElo "2343"]
[Annotator "TA"]
[PlyCount "87"]
[EventDate "2022.10.29"]
[EventType "team-tourn"]
[EventCountry "DEN"]
[SourceTitle "playchess.com"]
[Source "ChessBase"]
[SourceQuality "1"]
[TimeControl "40/5400+30:1800+30"]

1. d4 Nf6 2. Nf3 e6 3. e3 d5 4. Bd3 c5 5. b3 cxd4 6. exd4 Nc6 7. O-O Ne4 {[%emt 0:06:01] D05: Colle System with ...e6.} 8. Bb2 f5 9. a3 Be7 {[%emt 0:01:27] White has an edge.} 10. Nbd2 O-O 11. c4 Bd7 12. Ne5 Nxe5 13. dxe5 Nxd2 14. Qxd2 Bc6 {[%emt 0:00:05] [#]} 15. Rfd1 $146 ({Predecessor:} 15. Qe3 b6 16. f4 dxc4 17. b4 Qxd3 18. Qc1 Rfd8 19. Bc3 a5 20. bxa5 Bc5+ 21. Kh1 Bxg2+ 22. Kxg2 Qe2+ {0-1 (22) Powe,M-Thys,H (1720) ICCF email 2019}) 15... Qe8 16. Qe2 Qg6 {[%emt 0:08:45] [#] Threatens to win with ...dxc4.} 17. f3 Rfd8 18. b4 Ba4 {[%emt 0:07:51] Inhibits b5.} 19. Rf1 dxc4 20. Bxc4 a6 21. Rac1 Rac8 22. Bd3 Bc6 23. Rc2 Qe8 24. Bc4 (24. Qe3 $11) 24... Bd5 (24... Bb5 $5 25. g3 (25. Bxe6+ Kh8 $17) 25... Bxc4 26. Rxc4 Qb5 $15) 25. Bxd5 Rxd5 26. Rfc1 Rxc2 27. Qxc2 (27. Rxc2 $142 Qd7 28. g3) 27... Bg5 $17 {[%emt 0:00:27] aiming for ...Be3+.} 28. Rd1 {[%emt 0:01:03] And now Rxd5 would win.} Qc6 29. Qe2 {[%emt 0:03:54] [#]} Qb5 (29... Be3+ $1 $17 30. Kf1 Rxd1+ 31. Qxd1 Qc4+ 32. Ke1 (32. Qe2 Qb3 $17) 32... h5) 30. Kf2 $1 $15 Qb6+ 31. Kf1 Qd8 32. Rxd5 Qxd5 {[%emt 0:00:02][%mdl 4096] Endgame KQB-KQB} 33. g3 Kf7 34. Kg2 Ke8 35. Kf2 Kd7 (35... Bd8 $5 ) 36. Qc2 Bd8 37. Ke2 b5 38. Qc3 (38. Qd3 $15) 38... Bb6 39. Qc2 a5 ({Better is} 39... g5 $17 {...g4 is the strong threat.} 40. Qd3 Kc6 41. Qc3+ Qc4+ 42. Qxc4+ bxc4) 40. bxa5 $11 Bxa5 41. a4 $1 Bc7 42. axb5 Bxe5 $2 (42... Qxb5+ $11 43. Qd3+ Kc6 44. Qxb5+ Kxb5) 43. Qc6+ $1 $18 Qxc6 44. bxc6+ {[%emt 0:00:08] Weighted Error Value: White=0.14 (very precise) /Black=0.12 (very precise)} 1-0

[Event "Denmark Team Championship 2022"]
[Site "Denmark"]
[Date "2022.03.13"]
[Round "4.6"]
[White "Palm, Nikolaj"]
[Black "Rathlev, Jakob"]
[Result "1-0"]
[ECO "A43"]
[WhiteElo "2308"]
[BlackElo "2238"]
[Annotator "TA"]
[PlyCount "79"]
[EventDate "2022.10.29"]
[EventType "team-tourn"]
[EventCountry "DEN"]
[SourceTitle "playchess.com"]
[Source "ChessBase"]
[SourceQuality "1"]
[TimeControl "40/5400+30:1800+30"]

1. d4 c5 2. e3 e6 3. Nf3 Nf6 4. Bd3 b6 5. O-O Bb7 6. Nbd2 Nc6 7. c3 d5 8. Qe2 {[%emt 0:07:31] D05: Colle System with ...e6.} Be7 9. Ne5 Qc7 10. f4 {[%emt 0:00:25] The position is equal.} (10. Nxc6 {simplifies} Bxc6 11. b3 O-O 12. Bb2) 10... O-O 11. g4 Ne4 {[%emt 0:03:39] [#]} (11... Nxe5 {simplifies} 12. dxe5 Ne4 13. Nxe4 dxe4 14. Bc2 c4) 12. Qg2 $146 (12. Nxe4 {simplifies} Nxe5 13. Nxc5 Nxd3 14. Nxd3 Ba6 15. Rd1) ({Predecessor:} 12. g5 Nxe5 13. dxe5 f6 14. c4 fxe5 15. cxd5 exd5 16. Nxe4 c4 17. Qc2 Bc5 18. Be2 dxe4 19. Qxc4+ {0-1 (27) Simchenko,V (2249)-Skripko,P ICCF email 2005}) 12... f6 (12... Nxe5 {looks sharper.} 13. fxe5 f5 14. gxf5 exf5 15. Bb5 a6) 13. Nxc6 Qxc6 14. f5 (14. a4 $15) 14... Nxd2 (14... exf5 $17 15. gxf5 Nd6) 15. Bxd2 $11 e5 16. dxe5 fxe5 17. e4 (17. c4 $11 {keeps the balance.}) 17... c4 $17 ({Inferior is} 17... dxe4 18. Bc4+ Kh8 19. a4 $17) 18. Be2 Bc5+ 19. Kh1 dxe4 {[%emt 0:00:13] And now ...e3 would win.} 20. Bg5 ({Of course not} 20. Bxc4+ Kh8 21. Bg5 e3 22. Qxc6 Bxc6+ 23. Kg1 h6 $17) 20... b5 21. h3 h6 22. Bh4 e3 {[%emt 0:00:43] Inhibits a4.} ({Black should try} 22... Be3 $17 23. Rfd1 Rac8) 23. Bf3 $1 $15 e4 24. Be2 g5 $1 {[%emt 0:00:30] Prevents a4.} 25. fxg6 $2 {[%emt 0:02:27][%mdl 8192] [#]} (25. Bg3 $1 $15) 25... Qxg6 $2 (25... Rf2 $1 $19 26. Bxf2 (26. Rxf2 exf2) 26... exf2) 26. Rf5 $11 Bb6 {[%emt 0:12:10] [#]} (26... Rxf5 $1 $11 {and Black stays safe.} 27. gxf5 Qxg2+ 28. Kxg2 Bc6) 27. Raf1 ({Only move:} 27. Qh2 $1 $18) 27... Rxf5 $14 28. gxf5 ({White should play} 28. Rxf5 $14 Rf8 29. Rxb5) 28... Qxg2+ $11 29. Kxg2 Kf7 {[%emt 0:01:27] [#]} (29... Rc8 $11) 30. Bh5+ (30. Rd1 $1 $16 {[%cal Rd1d7] Black must now prevent Rd7+.} Rg8+ 31. Kf1) 30... Kf8 31. Rd1 Bc8 $2 (31... Bc6 $14) 32. Rd5 b4 $2 (32... Bb7 $16 {is a better defense.} 33. Rd7 (33. Rxb5 Bc6 $14) 33... Bc6) 33. cxb4 $18 a5 $2 (33... Bb7 {was necessary.} 34. Rd6 Kg8) 34. Rd6 Bc7 (34... Rb8 $142 35. Bg3 Rb7) 35. Rxh6 {[%emt 0:00:03] Intending Bf6 and mate.} Kg7 36. Rg6+ Kf8 37. Rf6+ Kg8 38. Bf7+ Kg7 39. Bd5 {[%emt 0:00:38] Rg6+ would kill now.} Ra7 40. Rg6+ {[%emt 0:00:21] Quite a comeback for White.   Weighted Error Value: White=0.55/Black=0.84} 1-0